 Dungeon Crawl Stone Soup version 0.20-a0-540-ge6d1839 (webtiles) character file.

139 Alarkh the Chopper (level 5, 40/41 HPs)
             Began as a Demonspawn Monk on Jan 29, 2017.
             Quit the game on level 3 of the Dungeon.
             The game lasted 00:03:18 (1665 turns).

Alarkh the Chopper (Demonspawn Monk)                Turns: 1665, Time: 00:03:20

Health: 40/41      AC: 10    Str: 12    XL:     5   Next: 1%
Magic:  5/5        EV:  9    Int: 12    God:
Gold:   87         SH:  9    Dex: 15    Spells: 4/4 levels left

rFire    . . .     SeeInvis .   u - +2 spear (venom)
rCold    . . .     Gourm    .   t - +0 ring mail
rNeg     . . .     Faith    .   h - +2 shield
rPois    +         Spirit   +   (no helmet)
rElec    .         Reflect  .   l - +2 cloak
rCorr    .         Harm     .   (no gloves)
MR       .....                  e - +1 pair of boots
Stlth    +.........             (no amulet)
Regen    0.2/turn               (no ring)
                                s - ring of poison resistance

@: no status effects
A: claws 1, spiny 1, magic shield, sturdy frame 1
a: no special abilities


You were on level 3 of the Dungeon.
You were not hungry.

You visited 1 branch of the dungeon, and saw 3 of its levels.

You collected 87 gold pieces.

Inventory:

Hand Weapons
 a - a +0 hand axe
 u - a +2 spear of venom (weapon)
Armour
 b - a +0 robe
 e - a +1 pair of boots (worn)
 h - a +2 shield (worn)
 l - a +2 cloak (worn)
 t - a +0 ring mail (worn)
Jewellery
 s - a ring of poison resistance (left claw)
Scrolls
 f - a scroll of recharging {unknown}
 g - a scroll of fear {unknown}
 o - a scroll of enchant armour {unknown}
 p - a scroll of blinking {unknown}
 q - 2 scrolls of identify {unknown}
 r - a scroll of teleportation {unknown}
Potions
 i - a potion of flight {unknown}
 j - a potion of lignification {unknown}
 k - a potion of curing {unknown}
Comestibles
 c - a bread ration
 d - 4 chunks of flesh
 m - a meat ration
 n - a royal jelly


   Skills:
 - Level 3.0 Fighting
 + Level 5.2 Axes
 - Level 2.6 Dodging
 - Level 1.7 Stealth


You had 4 spell levels left.
You didn't know any spells.

Dungeon Overview and Level Annotations

Branches:
Dungeon (3/15)

Altars:

Annotations:
D:1 1 exclusion


Innate Abilities, Weirdness & Mutations

You have sharp fingernails.
You are partially covered in sharp spines.
When hurt, damage is shared between your health and your magic reserves.
Your movements are slightly less encumbered by armour. (ER -2)


Message History

Press: ? - help, Dir - move target cursor, f - adder
Aim: an adder You reach to attack!
You miss the adder. You barely miss the adder.
The adder bites you but does no damage. You block the adder's attack.
You hit the adder.
The adder is poisoned.
The adder is moderately wounded.
The adder is struck by your spines. The adder barely misses you.
You miss the adder.
The adder is heavily wounded.
The adder is struck by your spines. The adder bites you but does no damage.
You hit the adder.
You kill the adder!
You have reached level 5!
Your demonic ancestry asserts itself...
You feel your magical essence form a protective shroud around your flesh.
You see here an adder corpse.
You see here an adder skeleton.
A worm comes into view.
Are you sure you want to abandon this character and quit the game? (Confirm with "yes".)

.. ...#..
...#..#.# # #
#..#..#.## .#.#
.........##.#.#
.............
..........#.#
..#....รท..#.#####
................#
.........@......#
..###...#<..[....
. #...#.#.##..#
#...#..... .#
.............
###.#..#...w...
..... .......
...... ..##### ##.
..#


You could see a worm.

Vanquished Creatures
  Terence (D:2)
  Ijyb (D:2)
  2 adders
  3 oozes (D:1)
  A worm (D:2)
  A dart slug (D:1)
  3 leopard geckos
  A giant cockroach (D:1)
  8 goblins
  4 hobgoblins (D:1)
  A quokka (D:2)
  8 bats (D:1)
  A frilled lizard (D:2)
  5 kobolds
  12 rats
52 creatures vanquished.

Notes
Turn   | Place    | Note
-------+----------+-------------------------------------------
     0 | D:1      | Alarkh the Demonspawn Monk began the quest for the Orb.
     0 | D:1      | Reached XP level 1. HP: 18/18 MP: 1/1
    47 | D:1      | Reached skill level 3 in Axes
    66 | D:1      | Gained mutation: Your movements are slightly less encumbered by armour. (ER -2) [demonic ancestry]
    66 | D:1      | Reached XP level 2. HP: 24/24 MP: 2/2
   455 | D:1      | Gained mutation: You have sharp fingernails. [demonic ancestry]
   455 | D:1      | Reached XP level 3. HP: 28/29 MP: 3/3
   665 | D:1      | Reached skill level 4 in Axes
  1091 | D:2      | Noticed Ijyb
  1116 | D:2      | Killed Ijyb
  1116 | D:2      | Gained mutation: You are partially covered in sharp spines. [demonic ancestry]
  1116 | D:2      | Reached XP level 4. HP: 27/35 MP: 4/4
  1426 | D:2      | Noticed Terence
  1441 | D:2      | Killed Terence
  1441 | D:2      | Reached skill level 5 in Axes
  1659 | D:3      | Gained mutation: When hurt, damage is shared between your health and your magic reserves. [demonic ancestry]
  1659 | D:3      | Reached XP level 5. HP: 40/41 MP: 5/5
  1665 | D:3      | Quit the game

Vault maps used:
D:1:      erik_arrival_gehennom
D:2:      uniq_iyjb, uniq_terence

Skill      XL: |  1  2  3  4 |
---------------+-------------+-----
Axes           | 3 4 5 |  5.2
Fighting       | |  3.0
Dodging        | |  2.6
Stealth        | |  1.7

Action                   |  1- 3 |  4- 6 || total
-------------------------+-------+-------++-------
Melee: Hand axe          |   149 |    22 ||   171
       Spear             |       |     8 ||     8
 Stab: Sleeping          |     8 |     1 ||     9
  Eat: Chunk             |     1 |     2 ||     3
Armor: Robe              |    49 |       ||    49
       Ring mail         |       |     3 ||     3
Dodge: Dodged            |    83 |     9 ||    92
Block: Shield            |    38 |    10 ||    48
